 Dungeon Crawl Stone Soup version 0.29.1-2-gbd0b4ee654 (webtiles) character file.

Game seed: 13942353062259161580

48 GorkyZ the Twirler (level 4, -1/34 HPs)
             Began as a Formicid Gladiator on Nov 21, 2022.
             Slain by a goblin
             ... wielding a +0 club
             ... led by Robin
              (2 damage)
             ... on level 2 of the Dungeon.
             The game lasted 00:03:29 (1208 turns).

GorkyZ the Twirler (Formicid Gladiator)             Turns: 1208, Time: 00:03:29

Health: -1/34      AC:  9    Str: 21    XL:     4   Next: 0%
Magic:  4/4        EV:  8    Int:  7    God:
Gold:   0          SH:  4    Dex: 15    Spells: 3/3 levels left

rFire   . . .      SeeInvis +   a - +0 quarterstaff
rCold   . . .      Faith    .   l - +0 buckler
rNeg    . . .      Spirit   .   m - +0 chain mail
rPois   .          Reflect  .   (helmet unavailable)
rElec   .          Harm     .   (no cloak)
rCorr   .          Rampage  .   j - +0 pair of gloves
Will    .....                   (no boots)
Stlth   ..........              (no amulet)
HPRegen 0.11/turn               (no ring)
MPRegen 0.09/turn               (no ring)

@: no status effects
A: permanent stasis, dig shafts and tunnels, antennae 3, four strong arms
a: Dig, Shaft Self


You were on level 2 of the Dungeon.
You visited 1 branch of the dungeon, and saw 2 of its levels.

Inventory:

Hand Weapons
 a - a +0 quarterstaff (weapon)
 g - a +0 quarterstaff
Missiles
 c - a throwing net (quivered)
 d - a javelin
Armour
 b - a +0 leather armour
 e - a +0 ring mail
 i - a +0 scale mail
 j - a +0 pair of gloves (worn)
 l - a +0 buckler (worn)
 m - a +0 chain mail (worn)
Jewellery
 k - an amulet of the acrobat
Scrolls
 f - a scroll of teleportation


   Skills:
 + Level 2.6 Fighting
 - Level 3.0 Staves
 + Level 2.3 Throwing
 + Level 1.1 Armour
 + Level 3.0 Dodging
 + Level 1.4 Shields
 + Level 1.2 Evocations


You had 3 spell levels left.
You didn't know any spells.
Your spell library contained the following spells:

 Spells                   Type           Power      Damage    Failure   Level
 Lesser Beckoning         Tloc           0%         N/A       100%        3
 Manifold Assault         Tloc           0%         N/A       100%        5
 Blink                    Tloc           Unusable   N/A       N/A         2

Dungeon Overview and Level Annotations

Branches:
Dungeon (2/15)

Altars:


Innate Abilities, Weirdness & Mutations

You cannot be hasted, slowed, berserked, paralysed or teleported.
You can dig through walls and to a lower floor.
You have a pair of large antennae on your head. (SInv)
Your four strong arms can wield two-handed weapons with a shield.


Message History

The hobgoblin hits you but does no damage.
The goblin barely misses you.
You barely miss the goblin.
The goblin is heavily wounded.
The hobgoblin hits you. The goblin hits you but does no damage.
The goblin closely misses you. You block the hobgoblin's attack.
You closely miss the goblin.
The goblin is heavily wounded.
The hobgoblin hits you.
* * * LOW HITPOINT WARNING * * *
The goblin hits you but does no damage. The goblin hits you with a +0 dagger.
* * * LOW HITPOINT WARNING * * *
The hobgoblin hits you.
* * * LOW HITPOINT WARNING * * *
It was a potion of berserk rage.
Your stasis prevents you from going berserk.
You block the hobgoblin's attack. You block the goblin's attack.
The goblin hits you but does no damage.
The hobgoblin hits you but does no damage.
As you read the scroll labelled VUUMUO GADYNN, it crumbles to dust.
You feel a strange sense of stasis.
It was a scroll of teleportation.
The hobgoblin hits you.
* * * LOW HITPOINT WARNING * * *
The goblin hits you but does no damage.
The hobgoblin hits you but does no damage.
The goblin hits you but does no damage.
You thump the goblin!
You kill the goblin!
The hobgoblin hits you.
* * * LOW HITPOINT WARNING * * *
The goblin closely misses you. The hobgoblin completely misses you.
You block the hobgoblin's attack. The goblin barely misses you.
The goblin hits you but does no damage.
The hobgoblin hits you but does no damage.
You have reached level 4!
You feel stronger.
You hit the goblin but do no damage. The goblin barely misses you.
The hobgoblin hits you but does no damage.
You block the hobgoblin's attack. The goblin hits you with a +0 club.
You die...

#.#...#.# #.#.#.#.#
#.#.#.#.# ####
#.#...#.#
#...######.#...#.#
...+..........#.#
..#...##.......#
..####g#g#.#......###
....g.<#@#......#.#
......gggg..>##.#.#
......##+###...<#.#
##... #.#.##.. #..
+..#....## #. #
...... # .####.# #(
..# # ###


You could see 2 hobgoblins and 3 goblins.

Vanquished Creatures
  Robin (D:2)
  2 dart slugs
  5 ball pythons (D:1)
  An endoplasm (D:1)
  8 goblins
  3 hobgoblins (D:1)
  4 kobolds
  A bat (D:1)
  5 rats (D:1)
30 creatures vanquished.

Notes
Turn   | Place    | Note
-------+----------+-------------------------------------------
     0 | D:1      | GorkyZ the Formicid Gladiator began the quest for the Orb.
     0 | D:1      | Reached XP level 1. HP: 16/16 MP: 1/1
   132 | D:1      | Reached XP level 2. HP: 12/22 MP: 2/2
   798 | D:1      | Reached skill level 1 in Evocations
   798 | D:1      | Reached XP level 3. HP: 28/28 MP: 3/3
   801 | D:1      | Reached skill level 1 in Shields
  1174 | D:2      | Noticed Robin
  1177 | D:2      | Reached skill level 1 in Armour
  1198 | D:2      | Killed Robin
  1207 | D:2      | HP: 1/28 [hobgoblin[Robin] (1)]
  1208 | D:2      | Reached XP level 4. HP: 1/34 MP: 4/4
  1208 | D:2      | Slain by a goblin

Illustrated notes

Levels and vault maps discovered:
D:1:      dpeg_arrival_court, layout_rooms, serial_bayou, serial_bayou_pond_a,
          serial_bayou_shore_b, serial_bayou_pond_d, serial_bayou_shore_b
D:2:      layout_basic, roderic_lattice_a, uniq_robin, uniq_jessica

Skill      XL: |  1  2  3 |
---------------+----------+-----
Evocations     | 1 |  1.2
Shields        | 1 |  1.4
Armour         | 1 |  1.1
Dodging        | 3 |  3.0
Fighting       | |  2.6
Staves         | |  3.0
Throwing       | |  2.3

Action                   |  1- 3 |  4- 6 || total
-------------------------+-------+-------++-------
Melee: Quarterstaff      |    87 |     1 ||    88
Throw: Throwing net      |     2 |       ||     2
  Use: Scroll            |     1 |       ||     1
       Potion            |     1 |       ||     1
 Stab: Held in net/web   |     2 |       ||     2
Armor: Ring mail         |    10 |       ||    10
       Scale mail        |     9 |       ||     9
       Chain mail        |    32 |     1 ||    33
Dodge: Dodged            |    62 |     1 ||    63
Block: Buckler           |    23 |     1 ||    24
